 Dungeon Crawl Stone Soup version 0.22.0-16-gc6d26f6 (webtiles) character file.

2290 HallandMoats the Lightning Rod (level 9, -6/68 HPs)
             Began as a Demonspawn Fighter on Aug 17, 2018.
             Was a Follower of Qazlal.
             Mangled by an orc warrior
             ... wielding a +0 hand axe
              (17 damage)
             ... on level 7 of the Dungeon.
             The game lasted 00:10:05 (8476 turns).

HallandMoats the Lightning Rod (Demonspawn Fighter) Turns: 8476, Time: 00:10:05

Health: -6/68      AC: 12    Str: 20    XL:     9   Next: 17%
Magic:  14/14      EV: 12    Int:  9    God:    Qazlal [*.....]
Gold:   387        SH:  2    Dex: 13    Spells: 8/8 levels left

rFire    + . .     SeeInvis .     - Unarmed
rCold    . . .     Gourm    .   (no shield)
rNeg     + . .     Faith    .   h - +2 chain mail {rN+}
rPois    .         Spirit   .   (helmet restricted)
rElec    .         Reflect  .   (no cloak)
rCorr    .         Harm     .   d - +0 pair of gloves
MR       .....                  (no boots)
Stlth    ..........             (no amulet)
HPRegen  0.21/turn              (no ring)
MPRegen  0.14/turn              (no ring)

@: no status effects
A: horns 1, repulsion field 1, fire resistance 1, ignite blood, flame cloud
immunity
a: Renounce Religion


You were on level 7 of the Dungeon.
You worshipped Qazlal.
Qazlal was aware of your devotion.
You were near starving.

You visited 2 branches of the dungeon, and saw 8 of its levels.

You collected 387 gold pieces.

Inventory:

Armour
 d - a +0 pair of gloves (worn)
 h - a +2 chain mail of positive energy (worn)
Jewellery
 j - an uncursed ring of ice
Wands
 n - a wand of iceblast (10)
 t - a wand of polymorph (16)
Scrolls
 a - 2 scrolls of holy word {unknown}
 b - a scroll of remove curse
 i - a scroll of blinking {unknown}
 k - a scroll of amnesia
 l - 6 scrolls of identify
 m - 3 scrolls of fog
 o - a scroll of enchant weapon
 p - 2 scrolls of random uselessness {unknown}
 q - a scroll of enchant armour {unknown}
 r - a scroll of teleportation {unknown}
Potions
 c - a potion of cancellation {unknown}
 e - 2 potions of agility
 g - a potion of haste
 s - 4 potions of curing
 u - a potion of resistance {unknown}
Comestibles
 f - 6 rations


   Skills:
 + Level 5.3 Fighting
 + Level 4.8 Armour
 * Level 5.7 Dodging
   Level 2.6 Shields
 * Level 6.0 Unarmed Combat
 * Level 6.8 Invocations


You had 8 spell levels left.
You didn't know any spells.
Your spell library was empty.

Dungeon Overview and Level Annotations

Branches:
Dungeon (7/15)             Temple (1/1) D:4

Altars:
Ashenzari
Cheibriados
Dithmenos
Elyvilon
Fedhas
Hepliaklqana
Kikubaaqudgha
Nemelex Xobeh
Qazlal
Ru
Sif Muna
Trog
Wu Jian
Xom
Yredelemnul
Zin

Shops:
D:4 :((=

Annotations:
D:7 Prince Ribbit


Innate Abilities, Weirdness & Mutations

You have a pair of small horns on your head.
You are surrounded by a mild repulsion field. (EV +2)
Your flesh is heat resistant. (rF+)
Your demonic aura causes spilled blood to erupt in flames.
You are immune to clouds of flame.


Message History

The orc is almost dead.
The orc hits you but does no damage.
You completely miss the orc.
The orc is almost dead.
The orc hits you but does no damage.
You punch the orc!
You kill the orc!
Qazlal accepts your kill.
The centaur wields a shortbow.
The centaur shoots an arrow.
The arrow hits you.
The centaur shoots an arrow.
The arrow barely misses you.
The centaur shoots an arrow.
The arrow misses you. The orc warrior barely misses you.
You hit the orc warrior but do no damage.
Your headbutt misses the orc warrior.
The orc warrior hits you with a hand axe!!
* * * LOW HITPOINT WARNING * * *
You hit the orc warrior but do no damage.
You headbutt the orc warrior, but do no damage.
The orc warrior hits you with a hand axe!
You die...

...#..## #.# ##.##..
).....# #.# ##....
########.....# #.# #....
##...^........# ##.# ##...
# #....))......#
###..######.>. . #
#.co.....o# ##.......##...#
.##. #..o..##co#
#..(........<## ....
##.#######o###...........##
...###.## ##@#............
...##c## ##.............
...o)## ##............
.....# ............. .....#
#............. .....#
#....(........ .....#
##......... .....#
#........ .....# #......


You could see an orc warrior, a centaur and 2 orcs.

Vanquished Creatures
  Pikel (D:5)
  Grinder (D:5)
  Eustachio (D:4)
  An ice beast (D:6)
  An orc warrior (D:5)
  A sky beast (D:6)
  3 slaves (D:5)
  2 phantoms
  Blork the orc (D:5)
  2 bullfrogs (D:6)
  A scorpion (D:6)
  2 crimson imps
  2 centaur skeletons (D:5)
  A hound (D:6)
  2 bullfrog skeletons
  3 orc priests
  3 iguanas
  4 orc wizards
  4 worker ants
  4 gnolls (D:6)
  3 adders (D:3)
  An ooze (D:2)
  2 worms
  4 leopard geckos
  31 orcs
  3 bat zombies (D:3)
  7 giant cockroaches
  5 goblins
  8 hobgoblins
  18 jackals
  9 kobolds
  A quokka (D:6)
  5 ball pythons
  6 bats
  5 frilled lizards
  2 quokka skeletons
  8 rats
  A rat zombie (D:3)
159 creatures vanquished.

Vanquished Creatures (others)
  A hound zombie (D:5)
  2 plants (D:5)
3 creatures vanquished.

Grand Total: 162 creatures vanquished

Notes
Turn   | Place    | Note
-------+----------+-------------------------------------------
     0 | D:1      | HallandMoats the Demonspawn Fighter began the quest for the Orb.
     0 | D:1      | Reached XP level 1. HP: 18/18 MP: 1/1
   500 | D:1      | Gained mutation: You have a pair of small horns on your head. [demonic ancestry]
   500 | D:1      | Reached XP level 2. HP: 22/24 MP: 2/2
   541 | D:1      | HP: 1/24 [jackal (2)]
  1094 | D:1      | Reached skill level 1 in Dodging
  1508 | D:1      | Gained mutation: Your flesh is heat resistant. (rF+) [demonic ancestry]
  1508 | D:1      | Reached XP level 3. HP: 29/29 MP: 3/3
  2779 | D:3      | Reached XP level 4. HP: 29/35 MP: 4/4
  3508 | D:3      | Reached XP level 5. HP: 39/41 MP: 5/5
  3934 | D:3      | Found a blossoming altar of Fedhas.
  4028 | D:3      | Found an ancient bone altar of Kikubaaqudgha.
  4108 | D:4      | Found Suadghykly's Antique Weapon Shop.
  4109 | D:4      | Found a bloodstained altar of Trog.
  4111 | D:4      | Found Xuwkah's Weapon Emporium.
  4292 | D:4      | Found Otteixyck's Jewellery Shop.
  4342 | D:4      | Found a staircase to the Ecumenical Temple.
  4351 | Temple   | Entered the Ecumenical Temple
  4652 | Temple   | Became a worshipper of Qazlal Stormbringer
  4748 | D:4      | Found Byophico's Book Shoppe.
  4847 | D:5      | Entered Level 5 of the Dungeon
  4900 | D:5      | Noticed Grinder
  4905 | D:5      | Paralysed by Grinder for 4 turns
  4917 | D:5      | Killed Grinder
  4917 | D:5      | Gained mutation: You are immune to clouds of flame. [demonic ancestry]
  4917 | D:5      | Reached XP level 6. HP: 11/48 MP: 5/7
  5132 | D:5      | Noticed an orc warrior
  5423 | D:5      | Gained mutation: Your demonic aura causes spilled blood to erupt in flames. [demonic ancestry]
  5423 | D:5      | Reached XP level 7. HP: 53/54 MP: 7/9
  5431 | D:5      | Noticed Eustachio
  5432 | D:5      | Noticed Blork the orc
  5459 | D:5      | Killed Blork the orc
  5856 | D:4      | Killed Eustachio
  6155 | D:5      | Noticed Pikel
  6171 | D:5      | Killed Pikel
  6171 | D:5      | Reached skill level 5 in Unarmed Combat
  6171 | D:5      | Reached skill level 5 in Invocations
  6171 | D:5      | Gained mutation: You are surrounded by a mild repulsion field. (EV +2) [demonic ancestry]
  6171 | D:5      | Reached XP level 8. HP: 61/61 MP: 11/11
  6495 | D:5      | Reached skill level 5 in Dodging
  6932 | D:6      | Reached * piety under Qazlal
  6947 | D:6      | Reached skill level 5 in Fighting
  7644 | D:6      | Reached XP level 9. HP: 62/68 MP: 13/13
  7683 | D:6      | Found a basalt altar of Yredelemnul.
  8372 | D:7      | Found a hazy altar of Hepliaklqana.
  8412 | D:7      | Noticed Prince Ribbit
  8476 | D:7      | Mangled by an orc warrior

Skill      XL: |  1  2  3  4  5  6  7  8  9 |
---------------+----------------------------+-----
Unarmed Combat | 2 3 4 5 6 |  6.0
Dodging        | 1 2 3 4 5 |  5.7
Armour         | 3 4 |  4.8
Fighting       | 4 5 |  5.3
Invocations    | 2 5 6 |  6.8
Shields        | |  2.6

Action                   |  1- 3 |  4- 6 |  7- 9 || total
-------------------------+-------+-------+-------++-------
Melee: Unarmed           |   206 |   231 |   271 ||   708
       Punch             |     4 |     2 |     5 ||    11
       Headbutt          |    22 |    45 |    60 ||   127
  Use: Potion            |       |     4 |       ||     4
       Scroll            |       |       |     6 ||     6
  Eat: Chunk             |     6 |     5 |     5 ||    16
       Ration            |       |     1 |     1 ||     2
Armor: Scale mail        |    68 |       |       ||    68
       Chain mail        |    86 |   154 |   167 ||   407
Dodge: Dodged            |   121 |    92 |   182 ||   395
Block: Other             |       |       |     5 ||     5
